 Dungeon Crawl Stone Soup version 0.30.1-4-g462c640d31 (webtiles) character file.

Game seed: 6246551859632871273

156 cdecastro the Changer (level 5, -6/40 HPs)
             Began as a Draconian Transmuter on Aug 10, 2023.
             Mangled by an iguana (7 damage)
             ... on level 4 of the Dungeon.
             The game lasted 00:06:51 (3315 turns).

cdecastro the Changer (Draconian Transmuter)        Turns: 3315, Time: 00:06:52

Health: -6/40      AC:  5    Str: 12    XL:     5   Next: 15%
Magic:  8/8        EV: 12    Int: 15    God:
Gold:   170        SH:  0    Dex: 12    Spells: 2/8 levels left

rFire   . .          .
                       - Unarmed
rCold   . . .        (no shield)
rNeg    . . .        (body armour unavailable)
rPois   .            (helmet currently unavailable)
rElec   .            (no cloak)
rCorr   .            (no gloves)
SInv    .            (boots currently unavailable)
Will    .....        (no amulet)
Stlth   +            (no ring)
HPRegen 0.26/turn    (no ring)
MPRegen 0.11/turn

%: no passive effects
@: appendages
A: horns 2, talons 2, AC +5, unfitting armour, cold-blooded
a: End Transformation


You were on level 4 of the Dungeon.
You had temporarily grown beastly horns and talons.
You visited 1 branch of the dungeon, and saw 4 of its levels.

You collected 170 gold pieces.

Inventory:

Missiles
 l - 5 poisoned darts
Magical Staves
 e - a staff of conjuration
 i - a staff of cold
Scrolls
 a - a scroll of identify
 c - a scroll of noise {unknown}
 f - a scroll of amnesia {unknown}
 g - 3 scrolls of teleportation
 m - a scroll of enchant armour {unknown}
 n - a scroll of poison {unknown}
 o - a scroll of magic mapping {unknown}
Potions
 k - a potion of might {unknown}


   Skills:
 - Level 1.1 Fighting
 - Level 1.7 Dodging
 - Level 3.0 Unarmed Combat
 - Level 2.0 Spellcasting
 + Level 5.4 Transmutations


You had 2 spell levels left.
You knew the following spells:

 Your Spells              Type           Power      Damage    Failure   Level
a - Beastly Appendage     Tmut           34%        N/A       2%          1
b - Wereblood             Tmut           17%        N/A       3%          2
c - Spider Form           Tmut/Pois      9%         N/A       22%         3

Your spell library contained the following spells:

 Spells                   Type           Power      Damage    Failure   Level
 Kiss of Death            Conj/Necr      4%         2d5       22%         1
 Confusing Touch          Hex            1%         N/A       54%         3
 Ice Form                 Ice/Tmut       9%         N/A       58%         4
 Dispel Undead            Necr           1%         3d6       91%         4


Dungeon Overview and Level Annotations

Branches:
Dungeon (4/15)
 Temple: D:4-7

Altars:

Annotations:
D:2 Sigmund
D:3 1 runed translucent door, Crazy Yiuf
D:4 exclusion: ogre


Innate Abilities, Weirdness & Mutations

You have temporarily grown beastly horns and talons.
Your plain brown scales are hard. (AC +5)
You cannot fit into any form of body armour.
You are cold-blooded and may be slowed by cold attacks.


Message History

Items here: )) [[ รท.
There is a stone staircase leading down here.
You now have 170 gold pieces (gained 17).
Found a stone staircase leading up.
a - a scroll of identify An iguana comes into view.
An iguana is nearby!
Casting: Beastly Appendage (safe; 2% risk of failure)
Press: ? - help, Q - select action, (/) - cycle Dir - look around, f - activate You grow a pair of large bovine horns.
Your feet morph into talons.
The iguana hisses angrily.
Unknown command.
Unknown command.
You hit the iguana but do no damage. The iguana bites you!
You hit the iguana but do no damage.
Your tail-slap misses the iguana.
The iguana closely misses you.
You hit the iguana but do no damage. Your kick misses the iguana.
You headbutt the iguana, but do no damage.
The iguana closely misses you.
You barely miss the iguana. You claw the iguana.
Your tail-slap misses the iguana.
The iguana is lightly wounded.
The iguana bites you!
You hit the iguana but do no damage.
The iguana is lightly wounded.
The iguana bites you!
* * * LOW HITPOINT WARNING * * *
You barely miss the iguana. Your kick misses the iguana.
Your headbutt misses the iguana.
Your tail-slap misses the iguana.
The iguana is lightly wounded.
The iguana bites you!
* * * LOW HITPOINT WARNING * * *
You hit the iguana but do no damage. You tail-slap the iguana.
The iguana is moderately wounded.
The iguana bites you.
* * * LOW HITPOINT WARNING * * *
You hit the iguana. You claw the iguana.
The iguana is heavily wounded.
The iguana bites you!
You die...

.####...##....
...........######
...........#.....
#.........)......
#................ .
##+#................
...##...................
......<.................
.....!l@................
##....##............####
#... #................
##. #................ #
#................
#.............###
................###
..........##..#.....
...........##........


You could see an iguana.

Vanquished Creatures
  An orc wizard (D:4)
  3 adders
  2 worms (D:3)
  2 dart slugs
  3 orcs
  7 endoplasms
  4 giant cockroaches
  5 goblins
  8 hobgoblins
  3 jackals (D:2)
  7 kobolds
  6 quokkas
  9 ball pythons
  6 bats
  2 frilled lizards
  24 rats
92 creatures vanquished.

Notes
Turn   | Place    | Note
-------+----------+-------------------------------------------
     0 | D:1      | cdecastro the Draconian Transmuter began the quest for the
                  | Orb.
     0 | D:1      | Reached XP level 1. HP: 16/16 MP: 3/3
   295 | D:1      | Reached XP level 2. HP: 20/23 MP: 5/5
   424 | D:1      | Reached skill level 3 in Transmutations
   438 | D:1      | You fall into a shaft and drop 1 floor!
  1090 | D:2      | Reached XP level 3. HP: 24/28 MP: 6/6
  1305 | D:2      | Noticed Sigmund
  1430 | D:2      | Reached skill level 4 in Transmutations
  1706 | D:2      | Learned a level 2 spell: Wereblood
  1710 | D:2      | Learned a level 3 spell: Spider Form
  1781 | D:3      | Reached XP level 4. HP: 29/35 MP: 7/7
  2260 | D:3      | Found a runed translucent door.
  2261 | D:3      | Noticed Crazy Yiuf
  2676 | D:3      | Reached skill level 5 in Transmutations
  2806 | D:4      | Noticed an ogre
  3050 | D:4      | Reached XP level 5. HP: 14/40 MP: 8/8
  3313 | D:4      | HP: 1/40 [iguana (11)]
  3315 | D:4      | Mangled by an iguana

Illustrated notes

Levels and vault maps discovered:
D:1:      dpeg_cavernosity, layout_basic, kennysheep_minor_cross,
          minmay_misc_feat_diagonals
D:2:      layout_loops_ring, uniq_sigmund
D:3:      layout_basic, corexii_shack, minmay_rat_hole, uniq_crazy_yiuf_cottage
D:4:      layout_basic, gammafunk_temple_overflow_claw

Skill      XL: |  1  2  3  4 |
---------------+-------------+-----
Transmutations | 3 4 5 |  5.4
Fighting       | |  1.1
Dodging        | |  1.7
Unarmed Combat | |  3.0
Spellcasting   | |  2.0

Action                     |  1- 3 |  4- 6 || total
---------------------------+-------+-------++-------
  Melee: Unarmed           |   126 |   111 ||   237
         Tailslap          |    11 |    16 ||    27
         Kick              |    20 |    21 ||    41
         Headbutt          |     9 |    11 ||    20
         Punch             |     2 |     3 ||     5
   Cast: Beastly Appendage |    26 |    18 ||    44
         Wereblood         |       |     3 ||     3
    Use: Scroll            |       |     4 ||     4
         Potion            |       |     3 ||     3
   Stab: Sleeping          |     1 |       ||     1
 Armour: Skin              |    24 |    44 ||    68
  Dodge: Dodged            |    78 |    82 ||   160
